PAA
LANNISTER UNITED LIONHEARTS @ ASHEVILLE HIGHLANDERS
08/11/2029
 
TOP OF THE 1ST
Lannister United Lionhearts batting - Pitching for Asheville Highlanders : RHP José Pueblo
Pitching: RHP José Pueblo
Batting: RHB Juan López 0-0: Called Strike
0-1: Ball
1-1: Fly out, F8 (Flyball, 78D)
Batting: LHB Ramón García 0-0: Ball
1-0: Swinging Strike
1-1: Foul Ball, location: 2F
1-2: Foul Ball, location: 2F
1-2: Ball
2-2: Ball
3-2: TRIPLE (Flyball, 8RXD)
Batting: RHB Chong-yee Au-Yong 0-0: Called Strike
0-1: Ball
1-1: Swinging Strike
1-2: Fly out, F9 (Flyball, 9LMF)
Runner from 3rd tags up, SCORES, no throw
Batting: LHB Juan Macíel 0-0: Foul Ball, location: 2F
0-1: Called Strike
0-2: SINGLE (Groundball, 4MD)
Batting: LHB Sting Ray Robb 0-0: Ball
1-0: SINGLE (Line Drive, 8LS)
Juan Macíel to second
Batting: RHB Mareka Naidoo 0-0: Ball
1-0: Ball
2-0: Swinging Strike
2-1: Foul Ball, location: 2F
2-2: Foul Ball, location: 2F
2-2: Fly out, F9 (Flyball, 9LD)
Top of the 1st over - 1 run, 3 hits, 0 errors, 2 left on base; Lannister United 1 - Asheville 0
BOTTOM OF THE 1ST
Asheville Highlanders batting - Pitching for Lannister United Lionhearts : RHP Currito Melena
Pitching: RHP Currito Melena
Batting: RHB Dan Parkinson 0-0: Ball
1-0: Swinging Strike
1-1: Fly out, F9 (Flyball, 89S)
Batting: RHB Víctor Hernández 0-0: Fly out, F7 (Flyball, 7S)
Batting: RHB Asko Riikonen 0-0: Ball
1-0: Swinging Strike
1-1: Called Strike
1-2: Fly out, F9 (Flyball, 89M)
Bottom of the 1st over - 0 runs, 0 hits, 0 errors, 0 left on base; Lannister United 1 - Asheville 0
TOP OF THE 2ND
Lannister United Lionhearts batting - Pitching for Asheville Highlanders : RHP José Pueblo
Batting: RHB Breanainn Swartwood 0-0: DOUBLE (Line Drive, 89M)
Batting: RHB José García 0-0: Ball
1-0: Ball
2-0: Called Strike
2-1: Swinging Strike
2-2: SINGLE (Groundball, 6MD)
Breanainn Swartwood to third
Batting: SHB Barney Heise 0-0: Ball
1-0: Ball
2-0: Swinging Strike
2-1: Ball
3-1: Swinging Strike
3-2: Base on Balls
José García to second
Batting: RHB Juan López 0-0: Called Strike
0-1: Ball
1-1: Foul Ball, location: 2F
1-2: Foul Ball, location: 2F
1-2: SINGLE (Flyball, 78S)
Breanainn Swartwood scores
José García to third
Barney Heise to second
Batting: LHB Ramón García 0-0: Fly out, F8 (Flyball, 89D)
Runner from 3rd tags up, SCORES, throw made
Batting: RHB Chong-yee Au-Yong 0-0: Swinging Strike
0-1: Called Strike
0-2: Ball
1-2: Fly out, F9 (Flyball, 9S)
Batting: LHB Juan Macíel 0-0: Ball
1-0: Swinging Strike
1-1: Ball
2-1: Foul Ball, location: 2F
2-2: Ground out 4-3 (Groundball, 4)
Top of the 2nd over - 2 runs, 3 hits, 0 errors, 2 left on base; Lannister United 3 - Asheville 0
BOTTOM OF THE 2ND
Asheville Highlanders batting - Pitching for Lannister United Lionhearts : RHP Currito Melena
Batting: LHB Pedro Gutiérrez 0-0: Called Strike
0-1: Foul Ball, location: 2F
0-2: Strikes out looking
Batting: RHB Miguel Uribe 0-0: Foul Ball, location: 2F
0-1: Called Strike
0-2: Ball
1-2: Foul Ball, location: 2F
1-2: Ball
2-2: Fly out, F5 (Line Drive, 5S)
Batting: RHB Marcos Rico 0-0: Called Strike
0-1: Ball
1-1: Ball
2-1: Called Strike
2-2: Foul Ball, location: 2F
2-2: Strikes out looking
Bottom of the 2nd over - 0 runs, 0 hits, 0 errors, 0 left on base; Lannister United 3 - Asheville 0
TOP OF THE 3RD
Lannister United Lionhearts batting - Pitching for Asheville Highlanders : RHP José Pueblo
Batting: LHB Sting Ray Robb 0-0: Ball
1-0: Ball
2-0: Ball
3-0: Base on Balls
Batting: RHB Mareka Naidoo 0-0: Ball
1-0: SINGLE (Groundball, 34D)
Sting Ray Robb to second
Runner from 2nd tries for 3rd, SAFE, no throw
Batting: RHB Breanainn Swartwood 0-0: Ball
1-0: Grounds into double play, 6-4-3 (Groundball, 6)
Sting Ray Robb scores
Batting: RHB José García 0-0: Called Strike
0-1: Ball
1-1: Fly out, F1 (Line Drive, 13)
Top of the 3rd over - 1 run, 1 hit, 0 errors, 0 left on base; Lannister United 4 - Asheville 0
BOTTOM OF THE 3RD
Asheville Highlanders batting - Pitching for Lannister United Lionhearts : RHP Currito Melena
Batting: RHB Don Leach 0-0: Ball
1-0: Ground out 5-3 (Groundball, 25)
Batting: RHB Ellis Harless 0-0: Ball
1-0: Ball
2-0: Ball
3-0: Base on Balls
Batting: RHB Gil Simmons 0-0: Ball
1-0: Ground out 4-3 (Groundball, 34)
Ellis Harless to second
Batting: RHB Dan Parkinson 0-0: Ball
1-0: Called Strike
1-1: Foul Ball, location: 2F
1-2: Foul Ball, location: 2F
1-2: SINGLE (Line Drive, 56)
Ellis Harless to third
Runner from 3rd tries for Home, SAFE, no throw
Batting: RHB Víctor Hernández 0-0: Called Strike
0-1: Called Strike
Dan Parkinson steals 2nd base
0-2: Ball
1-2: Ground out U3 (Groundball, 3)
Bottom of the 3rd over - 1 run, 1 hit, 0 errors, 1 left on base; Lannister United 4 - Asheville 1
TOP OF THE 4TH
Lannister United Lionhearts batting - Pitching for Asheville Highlanders : RHP José Pueblo
Batting: SHB Barney Heise 0-0: Ball
1-0: Ball
2-0: Foul Ball, location: 2F
2-1: SINGLE (Flyball, 89S)
Batting: RHB Juan López 0-0: Ball
1-0: Ball
2-0: Fly out, F3 (Popup, 34)
Batting: LHB Ramón García 0-0: Ball
1-0: Swinging Strike
1-1: Foul Ball, location: 2F
1-2: Fly out, F9 (Flyball, 9LS)
Batting: RHB Chong-yee Au-Yong 0-0: Foul Ball, location: 2F
0-1: Foul Ball, location: 2F
0-2: Ball
1-2: Ball
2-2: DOUBLE (Flyball, 7LD)
Barney Heise to third
Runner from 3rd tries for Home, SAFE, no throw
Batting: LHB Juan Macíel 0-0: Called Strike
0-1: Fly out, F9 (Line Drive, 9)
Top of the 4th over - 1 run, 2 hits, 0 errors, 1 left on base; Lannister United 5 - Asheville 1
BOTTOM OF THE 4TH
Asheville Highlanders batting - Pitching for Lannister United Lionhearts : RHP Currito Melena
Batting: RHB Asko Riikonen 0-0: Ball
1-0: Called Strike
1-1: Called Strike
1-2: Ball
2-2: Ball
3-2: Base on Balls
Batting: LHB Pedro Gutiérrez 0-0: Called Strike
Asko Riikonen steals 2nd base
0-1: Ball
1-1: Swinging Strike
1-2: 2-RUN HOME RUN (Flyball, 89XD), Distance : 385 ft
Batting: RHB Miguel Uribe 0-0: Swinging Strike
0-1: Ball
1-1: Foul Ball, location: 2F
1-2: Foul Ball, location: 2F
1-2: Strikes out swinging
Batting: RHB Marcos Rico 0-0: Called Strike
0-1: Foul Ball, location: 2F
0-2: Ball
1-2: Fly out, F9 (Flyball, 9D)
Batting: RHB Don Leach 0-0: SINGLE (Line Drive, 89S)
Batting: RHB Ellis Harless 0-0: Called Strike
0-1: SINGLE (Groundball, 56) (infield hit)
Don Leach to second
Batting: RHB Gil Simmons 0-0: Foul Ball, location: 2F
0-1: Ball
1-1: Swinging Strike
1-2: Ball
2-2: Foul Ball, location: 2F
2-2: Foul Ball, location: 2F
2-2: Strikes out swinging
Bottom of the 4th over - 2 runs, 3 hits, 0 errors, 2 left on base; Lannister United 5 - Asheville 3
TOP OF THE 5TH
Lannister United Lionhearts batting - Pitching for Asheville Highlanders : RHP José Pueblo
Batting: LHB Sting Ray Robb 0-0: Called Strike
0-1: Ball
1-1: DOUBLE (Line Drive, 78D)
Batting: RHB Mareka Naidoo 0-0: Intentional Walk
Batting: RHB Breanainn Swartwood 0-0: Bunted foul
0-1: Sac Bunt - play at first, batter OUT! 1-4
Sting Ray Robb to third
Mareka Naidoo to second
Batting: RHB José García 0-0: Fly out, F9 (Line Drive, 9)
Runner from 3rd tags up, SCORES, no throw
Batting: SHB Barney Heise 0-0: Ball
1-0: Ball
2-0: Ball
3-0: Called Strike
3-1: Called Strike
3-2: Base on Balls
Batting: RHB Juan López 0-0: SINGLE (Flyball, 89S)
Mareka Naidoo to third
Barney Heise to second
Runner from 3rd tries for Home, SAFE, no throw
Pitching: LHP Manabu Kato
Batting: LHB Ramón García 0-0: Called Strike
0-1: Called Strike
0-2: Ball
1-2: Foul Ball, location: 2F
1-2: Ball
2-2: Ball
3-2: Foul Ball, location: 2F
3-2: Strikes out swinging
Top of the 5th over - 2 runs, 2 hits, 0 errors, 2 left on base; Lannister United 7 - Asheville 3
BOTTOM OF THE 5TH
Asheville Highlanders batting - Pitching for Lannister United Lionhearts : RHP Currito Melena
Batting: RHB Dan Parkinson 0-0: Ball
1-0: Ground out 6-3 (Groundball, 6)
Batting: RHB Víctor Hernández 0-0: Fly out, F8 (Flyball, 8RD)
Batting: RHB Asko Riikonen 0-0: Ball
1-0: Ground out 3-1 (Groundball, 34S)
Bottom of the 5th over - 0 runs, 0 hits, 0 errors, 0 left on base; Lannister United 7 - Asheville 3
TOP OF THE 6TH
Lannister United Lionhearts batting - Pitching for Asheville Highlanders : LHP Manabu Kato
Batting: RHB Chong-yee Au-Yong 0-0: Ball
1-0: Ball
2-0: Called Strike
2-1: Ball
3-1: Called Strike
3-2: Foul Ball, location: 2F
3-2: Base on Balls
Batting: LHB Juan Macíel 0-0: Fly out, F7 (Flyball, 7S)
Batting: LHB Sting Ray Robb 0-0: Ball
1-0: Ball
2-0: Foul Ball, location: 2F
2-1: Foul Ball, location: 2F
2-2: Foul Ball, location: 2F
2-2: Fielders Choice at 2nd, 4-6 (Groundball, 4)
Batting: RHB Mareka Naidoo 0-0: Ball
1-0: Swinging Strike
1-1: Ball
2-1: Called Strike
2-2: Ball
Wild Pitch!
Sting Ray Robb to second
3-2: Strikes out swinging
Top of the 6th over - 0 runs, 0 hits, 0 errors, 1 left on base; Lannister United 7 - Asheville 3
BOTTOM OF THE 6TH
Asheville Highlanders batting - Pitching for Lannister United Lionhearts : RHP Currito Melena
Batting: LHB Pedro Gutiérrez 0-0: Fly out, F9 (Flyball, 9D)
Batting: RHB Miguel Uribe 0-0: Ball
1-0: Fly out, F8 (Flyball, 8LS)
Batting: RHB Marcos Rico 0-0: Ball
1-0: SINGLE (Line Drive, 6M)
Batting: RHB Don Leach 0-0: Fly out, F3 (Line Drive, 34)
Bottom of the 6th over - 0 runs, 1 hit, 0 errors, 1 left on base; Lannister United 7 - Asheville 3
TOP OF THE 7TH
Lannister United Lionhearts batting - Pitching for Asheville Highlanders : LHP Manabu Kato
Batting: RHB Breanainn Swartwood 0-0: Ball
1-0: Called Strike
1-1: SINGLE (Line Drive, 6D)
Batting: RHB José García 0-0: Bunted foul
0-1: Bunted foul
0-2: Fly out, F4 (Line Drive, 4)
Batting: SHB Barney Heise 0-0: Ball
1-0: Foul Ball, location: 2F
1-1: Ball
2-1: Fly out, F9 (Flyball, 9S)
Batting: RHB Juan López 0-0: Called Strike
0-1: Ball
1-1: Ball
2-1: SINGLE (Flyball, 8LS)
Breanainn Swartwood to second
Batting: LHB Ramón García 0-0: Ground out 4-3 (Groundball, 4)
Top of the 7th over - 0 runs, 2 hits, 0 errors, 2 left on base; Lannister United 7 - Asheville 3
BOTTOM OF THE 7TH
Asheville Highlanders batting - Pitching for Lannister United Lionhearts : RHP Currito Melena
Batting: RHB Ellis Harless 0-0: SINGLE (Flyball, 7S)
Batting: RHB Gil Simmons 0-0: Ball
1-0: Foul Ball, location: 2F
1-1: Fly out, F3 (Line Drive, 3)
Lined into DP, U3 (Line Drive, 3)
Batting: RHB Dan Parkinson 0-0: Fly out, F3 (Popup, 3S)
Bottom of the 7th over - 0 runs, 1 hit, 0 errors, 0 left on base; Lannister United 7 - Asheville 3
TOP OF THE 8TH
Lannister United Lionhearts batting - Pitching for Asheville Highlanders : LHP Manabu Kato
Batting: RHB Chong-yee Au-Yong 0-0: Ball
1-0: Swinging Strike
1-1: Ball
2-1: Ball
3-1: Swinging Strike
3-2: Foul Ball, location: 2F
3-2: Fly out, F7 (Flyball, 7S)
Batting: LHB Juan Macíel 0-0: Ground out 4-3 (Groundball, 4)
Batting: LHB Sting Ray Robb 0-0: Ball
1-0: SINGLE (Line Drive, 8LS)
Batting: RHB Mareka Naidoo 0-0: Called Strike
0-1: SINGLE (Groundball, 56D)
Sting Ray Robb to second
Runner from 2nd tries for 3rd, SAFE, throw made to third
Batting: RHB Breanainn Swartwood 0-0: Ball
1-0: Foul Ball, location: 2F
1-1: Swinging Strike
1-2: Foul Ball, location: 2F
1-2: Strikes out swinging
Top of the 8th over - 0 runs, 2 hits, 0 errors, 2 left on base; Lannister United 7 - Asheville 3
BOTTOM OF THE 8TH
Asheville Highlanders batting - Pitching for Lannister United Lionhearts : RHP Currito Melena
Batting: RHB Víctor Hernández 0-0: Ball
1-0: Called Strike
1-1: Ball
2-1: Ground out 6-3 (Groundball, 6)
Batting: RHB Asko Riikonen 0-0: Ball
1-0: Ball
2-0: Called Strike
2-1: Foul Ball, location: 2F
2-2: Strikes out swinging
Batting: LHB Pedro Gutiérrez 0-0: Fly out, F8 (Flyball, 8RS)
Bottom of the 8th over - 0 runs, 0 hits, 0 errors, 0 left on base; Lannister United 7 - Asheville 3
TOP OF THE 9TH
Lannister United Lionhearts batting - Pitching for Asheville Highlanders : LHP Manabu Kato
Pitching: LHP José Fuentes
Batting: RHB José García 0-0: Ball
1-0: Ball
2-0: Ball
3-0: Base on Balls
Batting: SHB Barney Heise 0-0: Sac Bunt - play at first, batter OUT! 1-3
José García to second
Batting: RHB Juan López 0-0: Fly out, F8 (Flyball, 8RS)
Batting: LHB Ramón García 0-0: Ball
1-0: Ball
2-0: Foul Ball, location: 2F
2-1: Ball
3-1: Called Strike
3-2: Foul Ball, location: 2F
3-2: Strikes out swinging
Top of the 9th over - 0 runs, 0 hits, 0 errors, 1 left on base; Lannister United 7 - Asheville 3
BOTTOM OF THE 9TH
Asheville Highlanders batting - Pitching for Lannister United Lionhearts : RHP Currito Melena
Batting: RHB Miguel Uribe 0-0: Swinging Strike
0-1: Foul Ball, location: 2F
0-2: Foul Ball, location: 2F
0-2: Ball
1-2: Fly out, F7 (Flyball, 78S)
Pitching: LHP Tadeo Pico
Batting: RHB Marcos Rico 0-0: Ball
1-0: SINGLE (Groundball, 6MD)
Batting: RHB Don Leach 0-0: Ball
1-0: Ball
2-0: Grounds into double play, 4-6-3 (Groundball, 4)
Bottom of the 9th over - 0 runs, 1 hit, 0 errors, 0 left on base; Lannister United 7 - Asheville 3
Tuesday, December 19th, 2017 - OOTP Baseball 18.8 Build 76